 Dungeon Crawl Stone Soup version 0.29-a0-91-gdebf4667c2 (webtiles) character file.

Game seed: 5800446651250914197

4 enile the Chiller (level 1, 0/7 HPs)
             Began as a Felid Ice Elementalist on Feb 9, 2022.
             Slain by a ball python (2 damage)
             ... on level 1 of the Dungeon.
             The game lasted 00:00:38 (366 turns).

enile the Chiller (Felid Ice Elementalist)           Turns: 366, Time: 00:00:38

Health: 0/7        AC:  1    Str:  4    XL:     1   Next: 50%
Magic:  4/4        EV: 14    Int: 16    God:
Gold:   7          SH:  0    Dex: 16    Spells: 3/4 levels left
                                        Lives:  0   Deaths: 0

rFire   . . .      SeeInvis +   (weapon unavailable)
rCold   . . .      Faith    .   (shield unavailable)
rNeg    . . .      Spirit   .   (armour unavailable)
rPois   .          Reflect  .   (helmet unavailable)
rElec   .          Harm     .   (cloak unavailable)
rCorr   .          Rampage  .   (gloves unavailable)
Will    .....                   (boots unavailable)
Stlth   +.........              (no amulet)
HPRegen 0.02/turn               (no ring)
MPRegen 0.09/turn               (no ring)

@: constricted, very slow
A: very small, claws 1, fangs 3, see invisible, speed 1, shaggy fur 1, stealthy
paws, no weapons or thrown items, no armour, multi-lived
a: no special abilities


You were on level 1 of the Dungeon.
You visited 1 branch of the dungeon, and saw 1 of its levels.

You collected 7 gold pieces.

You aren't carrying anything.


   Skills:
 + Level 0.2 Fighting
 - Level 2.8 Dodging
 - Level 2.8 Stealth
 - Level 2.0 Spellcasting
 - Level 3.6 Ice Magic


You had 3 spell levels left.
You knew the following spells:

 Your Spells              Type           Power      Damage    Failure   Level
a - Freeze                Ice            52%        1d7       4%          1

Your spell library contained the following spells:

 Spells                   Type           Power      Damage    Failure   Level
 Frozen Ramparts          Ice            26%        1d4       14%         3
 Ozocubu's Armour         Ice            13%        N/A       14%         3
 Hailstorm                Conj/Ice       7%         3d4       67%         4


Dungeon Overview and Level Annotations

Branches:
Dungeon (1/15)

Altars:


Innate Abilities, Weirdness & Mutations

You have sharp claws.
You have razor-sharp teeth.
You have supernaturally acute eyesight. (SInv)
You cover ground quickly. (Speed+)
You are covered in fur. (AC +1)
Your paws help you pounce on unaware monsters.
You are incapable of wielding weapons or throwing items.
You cannot wear armour.
You gain extra lives every three experience levels.


Message History

A kobold comes into view. It is wielding a +0 whip.
The kobold shouts!
You hear an angry hiss.
A kobold is nearby!
A kobold is nearby!
A kobold is nearby!
The kobold throws a stone.
The stone hits you.
Found 15 stones.
The kobold throws a stone.
The stone hits you.
You are too injured to fight recklessly!
You are too injured to fight recklessly!
You are too injured to fight recklessly!
A ball python comes into view.
The kobold throws a stone.
The stone misses you.
The kobold throws a stone.
The stone misses you.
You enter the shallow water.
Moving in this stuff is going to be slow.
The kobold throws a stone.
The stone closely misses you.
The kobold throws a stone.
The stone closely misses you.
There is an open door here.
Why would you want to do that?
You enter the shallow water.
Moving in this stuff is going to be slow.
You close the door.
You start resting.
Something unseen opens the door.
You scratch the ball python but do no damage.
The ball python bites you. The ball python misses you.
You barely miss the ball python.
You bite the ball python, but do no damage.
The ball python closely misses you. x2
Your unstable footing causes you to fumble your attack.
The ball python completely misses you. The ball python misses you.
You scratch the ball python.
The ball python is heavily wounded.
The ball python completely misses you. The ball python grabs you.
The ball python constricts you.
Your unstable footing causes you to fumble your attack.
The ball python barely misses you. The ball python constricts you.
* * * LOW HITPOINT WARNING * * *
The ball python bites you.
You die...

###### #≈≈≈≈# #≈##≈#
###≈≈≈≈# #KS≈<#≈#
#.#@≈#≈# #.#≈##≈#
#.#≈≈≈#≈ #.#########
#########.#........
##......#S.........>
###.........##........
##....≈≈≈≈...########..
##.....≈≈≈S8..#####


You could see a ball python and a kobold.

Vanquished Creatures
  A dart slug (D:1)
  A bat (D:1)
  A rat (D:1)
3 creatures vanquished.

Notes
Turn   | Place    | Note
-------+----------+-------------------------------------------
     0 | D:1      | enile the Felid Ice Elementalist began the quest for the
                  | Orb.
     0 | D:1      | Reached XP level 1. HP: 7/7 MP: 4/4
   366 | D:1      | Slain by a ball python

Illustrated notes

Levels and vault maps discovered:
D:1:      ncdulo_wetmaze, layout_rooms, ebering_ecumenical_altar_sacrificial,
          serial_park_tiny_pond

Action                   || total
-------------------------++-------
Melee: Unarmed           ||    16
       Punch             ||     1
       Bite              ||     1
 Stab: Sleeping          ||     1
Dodge: Dodged            ||    18

Table legend: (Time is in decaauts)
 A = Elapsed time spent in this place.
 B = Non-inter-level travel time spent in this place.
 C = Inter-level travel time spent in this place.
 D = Time resting spent in this place.
 E = Time spent auto-exploring this place.
 F = Levels seen in this place.
 G = Mean time per level.
                   A        B        C        D        E       F      G
               +--------+--------+--------+--------+--------+-----+--------+
         Total |    356 |    356 |      0 |    131 |    153 |   1 |  356.0 |
       Dungeon |    356 |    356 |      0 |    131 |    153 |   1 |  356.0 |
               +--------+--------+--------+--------+--------+-----+--------+

Top non-repeatable levels by time:
     D:1: 356 daAuts
